 Dungeon Crawl Stone Soup version 0.30.1-3-gfc49f6343a (webtiles) character file.

Game seed: 12513783227123004910

8626 shmup the Arsonist (level 11, -1/64 HPs)
             Began as a Tengu Fire Elementalist on July 20, 2023.
             Was a Believer of Qazlal.
             Slain by a wyvern (3 damage)
             ... while petrified by a basilisk
             ... on level 1 of the Lair of Beasts on July 21, 2023.
             The game lasted 00:55:56 (12285 turns).

shmup the Arsonist (Tengu Fire Elementalist)       Turns: 12285, Time: 00:55:56

Health: -1/64      AC:  7    Str:  9    XL:     11   Next: 33%
Magic:  21/26      EV:  2    Int: 20    God:    Qazlal [**....]
Gold:   692        SH:  0    Dex: 16    Spells: 0/17 levels left

rFire   + + .        J - +6 long sword of the Dead {speed, *Corrode rF+ Will+ Dex+2}
rCold   + . .        (no shield)
rNeg    + + +        Q - +2 robe {Archmagi}
rPois   inf          (helmet restricted)
rElec   .            G - scarf {rC+ rF+}
rCorr   +            p - +2 pair of gloves
SInv    .            (boots unavailable)
Will    +....        P - amulet of magic regeneration
Stlth   ++           y - ring of resist corrosion
HPRegen 0.30/turn    I - ring of magical power
MPRegen 0.60/turn

%: corrode self (3%), archmagi
@: petrified, flying quickly and evasively, quick
A: beak, talons 3, nimble flight
a: Renounce Religion, Upheaval


You were on level 1 of the Lair of Beasts.
You worshipped Qazlal.
Qazlal was pleased with you.
You visited 3 branches of the dungeon, and saw 13 of its levels.

You collected 692 gold pieces.

Inventory:

Hand Weapons
 b - the +12 war axe of the Tomato {chaos, *Noise Will- rCorr Int+9}
   (You found it on level 2 of the Dungeon)

   Int:       It affects your intelligence (+9).
   *Noise:    It may make noises in combat.
   rCorr:     It protects you from acid and corrosion.
   Will:      It decreases your willpower.
 F - a +2 spectral club
 J - the +6 long sword of the Dead (weapon) {speed, *Corrode rF+ Will+ Dex+2}
   (You found it on level 5 of the Dungeon)

   Dex:       It affects your dexterity (+2).
   rF:        It protects you from fire.
   *Corrode:  It may corrode you when you take damage.
   Will:      It increases your willpower.
 W - a +0 dagger of distortion
Missiles
 c - 4 stones (quivered)
 d - 15 poisoned darts
 N - 3 javelins
 Y - a curare-tipped dart
Armour
 p - a +2 pair of gloves (worn)
 z - the +3 scale mail of Hangman {*Corrode +Inv Str+2 Dex+3}
   (You took it off a hobgoblin on level 3 of the Dungeon)

   Str:       It affects your strength (+2).
   Dex:       It affects your dexterity (+3).
   +Inv:      It lets you turn invisible.
   *Corrode:  It may corrode you when you take damage.
 G - a scarf of resistance (worn)
 Q - a +2 robe of the Archmagi (worn)
Magical Staves
 q - a staff of earth
Jewellery
 r - a ring of ice
 s - a ring of poison resistance
 y - a ring of resist corrosion (left hand)
 I - a ring of magical power (right hand)
 P - an amulet of magic regeneration (around neck)
 S - an amulet of faith
 Z - a +4 ring of protection
Wands
 a - a wand of mindburst (2)
 E - a wand of quicksilver (7)
 L - a wand of flame (18)
 M - a wand of polymorph (23)
 V - a wand of digging (5)
Scrolls
 g - 4 scrolls of fear
 h - 4 scrolls of noise
 l - a scroll of amnesia {unknown}
 m - 4 scrolls of fog
 n - 5 scrolls of vulnerability
 x - 4 scrolls of teleportation
 B - a scroll of poison {unknown}
 C - 3 scrolls of butterflies
 D - a scroll of silence
 K - a scroll of immolation
 X - a scroll of magic mapping
Potions
 f - 4 potions of mutation
 i - 3 potions of heal wounds
 j - 14 potions of curing
 k - 2 potions of haste
 o - 4 potions of magic
 t - a potion of invisibility
 u - 3 potions of might
 v - a potion of degeneration
 w - a potion of flight {unknown}
 H - a potion of attraction {unknown}
 R - a potion of berserk rage {unknown}
 T - a potion of ambrosia {unknown}
 U - 2 potions of lignification


   Skills:
 + Level 6.2 Fighting
 + Level 2.2 Long Blades
 + Level 6.4 Dodging
 - Level 2.0 Stealth
 + Level 3.9 Spellcasting
 + Level 10.3 Conjurations
 - Level 1.0 Hexes
 - Level 2.0 Translocations
 * Level 11.4 Fire Magic
 + Level 7.3 Air Magic
 * Level 2.0 Poison Magic


You couldn't memorise any spells.
You knew the following spells:

 Your Spells              Type           Power      Damage    Failure   Level
a - Foxfire               Conj/Fire      100%       2x1d9     1%          1
b - Scorch                Fire           100%       2d9       1%          2
c - Inner Flame           Hex/Fire       43%        N/A       3%          3
d - Volatile Blastmotes   Fire/Tloc      92%        2d17      2%          3
e - Poisonous Vapours     Pois/Air       68%        N/A       2%          2
f - Vhi's Electric Charg  Tloc/Air       66%        N/A       6%          3
g - Mephitic Cloud        Conj/Pois/Air  45%        N/A       2%          3

Your spell library contained the following spells:

 Spells                   Type           Power      Damage    Failure   Level
 Flame Wave               Conj/Fire      63%        2d15      1%          4
 Arcjolt                  Conj/Air       28%        1d38      10%         5
 Iskenderun's Mystic Bla  Conj/Tloc      42%        2d10      11%         4
 Fulminant Prism          Conj/Hex       19%        3d11      13%         4
 Freezing Cloud           Conj/Ice/Air   20%        6-21      32%         5
 Leda's Liquefaction      Hex/Erth       4%         N/A       71%         4
 Yara's Violent Unravell  Hex/Tmut       4%         3d4       96%         5
 Lee's Rapid Deconstruct  Erth           2%         3d5*      98%         5
 Statue Form              Tmut/Erth      3%         N/A       100%        6
 Summon Cactus Giant      Summ           2%         N/A       100%        6
 Enfeeble                 Hex            5%         N/A       100%        7
 Maxwell's Capacitive Co  Air            25%        death     100%        8


Dungeon Overview and Level Annotations

Branches:
Dungeon (11/15)            Temple (1/1) D:6            Lair (1/5) D:9
    Orc: D:9-12

Altars:
Ashenzari
Cheibriados
Dithmenos
Elyvilon
Fedhas
Gozag
Hepliaklqana
Kikubaaqudgha
Makhleb
Nemelex Xobeh
Okawaru
Qazlal
Ru
Sif Muna
Trog
Uskayaw
Vehumet
Wu Jian
Xom
Yredelemnul
Zin
The Shining One

Portals:
Trove: D:11 (give 18 potions of curing)

Annotations:
D:4 exclusion: downstairs
D:8 exclusion: ice statue
D:10 exclusion: downstairs


Innate Abilities, Weirdness & Mutations

You have a beak for a mouth.
You have claws for feet.
Your magical nature lets you fly swiftly and evasively.


Message History

Aim: a yak (confused, chance to affect: 91%)
You feel a surge of power!
The yak is filled with an inner flame.
Your limbs are stiffening.
Unknown command.
The yak gores you! The yak gores you. x2
The yak is engulfed in blazing flames.
Flame seeps out of the yak.
The yak gores you!
You have turned to stone.
You stop ascending the stairs.
A wyvern comes into view.
The yak gores you!
The yak is engulfed in blazing flames.
Flame seeps out of the yak.
The yak is engulfed in blazing flames.
The yak gores you!
The yak is engulfed in blazing flames.
The yak gores you! The yak gores you but does no damage. The wyvern bites you!
* * * LOW HITPOINT WARNING * * *
The yak is engulfed in blazing flames.
The yak gores you!
* * * LOW HITPOINT WARNING * * *
The basilisk bites you.
* * * LOW HITPOINT WARNING * * *
The yak gores you!
* * * LOW HITPOINT WARNING * * *
The wyvern bites you!
* * * LOW HITPOINT WARNING * * *
A wyvern comes into view.
The wyvern bites you but does no damage.
The yak completely misses you. The yak gores you. The basilisk gazes at you.
You resist with almost no effort.
The yak seems less confused.
The wyvern bites you!
* * * LOW HITPOINT WARNING * * *
The yak is engulfed in blazing flames.
Flame seeps out of the yak.
The yak gores you!
* * * LOW HITPOINT WARNING * * *
The basilisk gazes at you. You resist with almost no effort. The yak gores you.
* * * LOW HITPOINT WARNING * * *
The wyvern bites you.
* * * LOW HITPOINT WARNING * * *
The wyvern bites you.
You die...

.........
▒.......
▒......▒ ▒
▒......▒..
▒........▒
▒.Y.☼§#▒.▒
▒.YY#.§...
▒.QY.#0...
▒lll...▒..
▒......▒
....▒▒...▒
.....▒ ▒.▒
......▒ .
.......▒
.........


You could see 4 yaks, a basilisk and 2 wyverns.

Vanquished Creatures
  Erica (D:11)
  A two-headed ogre (D:11)
  Pikel (D:7)
  A cyclops (D:11)
  A gargoyle (D:9)
  A komodo dragon (D:10)
  Psyche (D:8)
  A polar bear (shapeshifter) (D:9)
  Sigmund (D:3)
  8 yaks
  2 shadows
  3 wraiths
  A wyvern (D:11)
  Menkaure (D:5)
  3 acid dragons
  A water moccasin (D:8)
  3 orc warriors
  A black bear (D:5)
  An ice beast (D:7)
  2 ogres (D:6)
  4 centaurs
  4 lemures (D:7)
  A phantom (D:6)
  A kobold brigand (D:8)
  4 bullfrogs (D:8)
  A gnoll sergeant (D:10)
  2 scorpions
  4 wights
  2 howler monkeys (D:7)
  2 jellies (D:5)
  2 hounds
  6 orc priests
  2 gnoll boudas
  A sleepcap (D:5)
  Ijyb (D:4)
  Terence (D:2)
  5 iguanas
  5 orc wizards
  Natasha (thrice) (D:2)
  Robin (D:3)
  10 gnolls
  9 adders
  2 white imps
  2 worms (D:2)
  6 dart slugs
  20 orcs
  7 ball pythons
  2 endoplasms
  4 giant cockroaches
  16 goblins
  9 hobgoblins
  12 jackals
  6 kobolds
  3 quokkas
  8 bats
  A frilled lizard (D:3)
  6 rats
210 creatures vanquished.

Vanquished Creatures (others)
  623 foxfires
623 creatures vanquished.

Grand Total: 833 creatures vanquished

Notes
Turn   | Place    | Note
-------+----------+-------------------------------------------
     0 | D:1      | shmup the Tengu Fire Elementalist began the quest for the
                  | Orb.
     0 | D:1      | Reached XP level 1. HP: 10/10 MP: 4/4
   336 | D:1      | Reached XP level 2. HP: 15/15 MP: 3/6
  1067 | D:2      | Reached skill level 4 in Fire Magic
  1097 | D:2      | Noticed Terence
  1104 | D:2      | Killed Terence
  1105 | D:2      | Reached XP level 3. HP: 19/19 MP: 1/7
  1243 | D:2      | Learned a level 2 spell: Scorch
  1347 | D:2      | Reached XP level 4. HP: 22/24 MP: 8/8
  1412 | D:2      | Noticed Natasha
  1435 | D:2      | Killed Natasha
  1436 | D:2      | Reached skill level 5 in Fire Magic
  1480 | D:2      | Noticed Natasha
  1494 | D:2      | Killed Natasha
  1632 | D:2      | Gained mutation: Your magical nature lets you fly swiftly
                  | and evasively. [Tengu growth]
  1632 | D:2      | Reached XP level 5. HP: 25/28 MP: 3/9
  1685 | D:2      | Identified the +12 war axe of the Tomato {chaos, *Noise
                  | Will- rCorr Int+9}
  1839 | D:2      | Noticed Natasha
  1847 | D:2      | Killed Natasha
  2080 | D:2      | Found a faded altar of an unknown god.
  2608 | D:3      | Noticed Robin
  2844 | D:3      | Noticed Sigmund
  2864 | D:3      | Killed Sigmund
  2865 | D:3      | Reached skill level 6 in Fire Magic
  2865 | D:3      | Reached XP level 6. HP: 32/32 MP: 1/10
  2951 | D:3      | Killed Robin
  3368 | D:3      | Identified the +3 scale mail of Hangman {*Corrode +Inv
                  | Str+2 Dex+3}
  3407 | D:3      | Found a shadowy altar of Dithmenos.
  3416 | D:3      | Reached skill level 5 in Conjurations
  3456 | D:3      | Found an iron altar of Okawaru.
  3750 | D:4      | Reached skill level 7 in Fire Magic
  3834 | D:4      | Found a radiant altar of Vehumet.
  3908 | D:4      | Reached XP level 7. HP: 37/37 MP: 5/11
  4063 | D:4      | Noticed Ijyb
  4114 | D:4      | Killed Ijyb
  4380 | D:4      | Reached skill level 1 in Fighting
  4728 | D:5      | Entered Level 5 of the Dungeon
  4772 | D:5      | Noticed Menkaure
  4877 | D:5      | Killed Menkaure
  5017 | D:5      | Learned a level 3 spell: Inner Flame
  5146 | D:5      | Reached XP level 8. HP: 42/44 MP: 12/12
  5293 | D:5      | Learned a level 2 spell: Poisonous Vapours
  5370 | D:5      | Reached skill level 1 in Air Magic
  5676 | D:5      | Identified the +6 long sword of the Dead {speed, *Corrode
                  | rF+ Will+ Dex+2}
  5794 | D:5      | Found a hazy altar of Hepliaklqana.
  5807 | D:5      | Found a stormy altar of Qazlal.
  5866 | D:5      | Reached skill level 1 in Hexes
  6061 | D:6      | Reached skill level 1 in Poison Magic
  6315 | D:6      | Found a hide-covered altar of Uskayaw.
  6317 | D:6      | Found a glowing golden altar of the Shining One.
  6361 | D:5      | Became a worshipper of Qazlal Stormbringer
  6410 | D:6      | Reached skill level 5 in Dodging
  6427 | D:5      | HP: 1/43 [wight/+4 great sword (15)]
  6780 | D:6      | Reached skill level 8 in Fire Magic
  6831 | D:6      | Found a burning altar of Makhleb.
  6899 | D:6      | Reached XP level 9. HP: 37/51 MP: 13/13
  7113 | D:6      | Found a staircase to the Ecumenical Temple.
  7122 | Temple   | Entered the Ecumenical Temple
  7427 | D:7      | Reached skill level 5 in Air Magic
  7656 | D:7      | Reached * piety under Qazlal
  7831 | D:7      | Noticed Pikel
  7864 | D:7      | Killed Pikel
  7865 | D:7      | Reached skill level 9 in Fire Magic
  8218 | D:8      | Noticed Psyche
  8228 | D:8      | Killed Psyche
  8293 | D:8      | Reached skill level 5 in Fighting
  8423 | D:8      | Reached XP level 10. HP: 59/59 MP: 14/14
  8429 | D:8      | Learned a level 3 spell: Volatile Blastmotes
  8864 | D:8      | Noticed an ice statue
  9053 | D:8      | Reached skill level 10 in Fire Magic
  9344 | D:9      | Noticed a gargoyle
  9353 | D:9      | Killed a gargoyle
  9561 | D:9      | Found a staircase to the Lair.
  9574 | D:9      | Learned a level 3 spell: Vhi's Electric Charge
 10112 | D:9      | Reached skill level 1 in Translocations
 10231 | D:10     | Entered Level 10 of the Dungeon
 10437 | D:10     | Reached ** piety under Qazlal
 11308 | D:11     | Noticed a cyclops
 11315 | D:11     | Killed a cyclops
 11366 | D:11     | Reached skill level 11 in Fire Magic
 11405 | D:11     | Reached skill level 1 in Long Blades
 11405 | D:11     | Reached skill level 10 in Conjurations
 11405 | D:11     | Reached XP level 11. HP: 64/64 MP: 17/17
 11511 | D:11     | Noticed a two-headed ogre
 11525 | D:11     | Killed a two-headed ogre
 11614 | D:11     | Found a glowing golden altar of the Shining One.
 11663 | D:11     | Noticed Erica
 11680 | D:11     | Killed Erica
 11804 | D:11     | Found a portal to a secret trove of treasure.
 12215 | D:11     | Learned a level 3 spell: Mephitic Cloud
 12273 | Lair:1   | Entered Level 1 of the Lair of Beasts
 12284 | Lair:1   | HP: 3/64 [yak (5)]
 12285 | Lair:1   | Slain by a wyvern

Illustrated notes

Levels and vault maps discovered:
D:1:      pf_arrival_petrified_forest, layout_basic, hangedman_decor_opposing
D:2:      layout_loops_ring, basic_ecumenical_altar, uniq_terence, uniq_natasha
D:3:      layout_basic, mainiacjoe_overflow_swirl, uniq_robin, uniq_sigmund
D:4:      layout_cave_pools, nicolae_vehumet_radiance, nicolae_half_adder,
          uniq_ijyb
D:5:      layout_basic, minitemple, amethyst_killhole, uniq_menkaure
D:6:      cheibrodos_iron_armory, layout_cave_pools, lightli_temple_of_fire,
          mainiacjoe_overflow_big_doors, temple_hall, kennysheep_generic_room_9
D:7:      layout_cave_pools, nicolae_figureground_sparkle, uniq_pikel
D:8:      lemuel_ice_statue, layout_loops_ring, uniq_psyche
D:9:      layout_long_grid, dpeg_oklobed_lair, grunt_ministairs_3, st_stairs_14
D:10:     layout_irregular_city
D:11:     layout_basic, enter_trove_2, tso_oasis_becter, uniq_erica
Temple:   eino_temple_lava
Lair:1:   layout_long_grid, nicolae_quartered_pool_impasse, lemuel_centaur_altar

Skill      XL: |  1  2  3  4  5  6  7  8  9 10 11 |
---------------+----------------------------------+-----
Conjurations   | 2 3 4 5 6 8 10 | 10.3
Fire Magic     | 4 5 6 7 8 9 11 | 11.4
Fighting       | 1 3 5 6 |  6.2
Dodging        | 4 5 6 |  6.4
Air Magic      | 4 6 7 |  7.3
Hexes          | 1 |  1.0
Poison Magic   | 2 |  2.0
Spellcasting   | 3 |  3.9
Translocations | 1 2 |  2.0
Long Blades    | 1 2 |  2.2
Stealth        | |  2.0

Action                     |  1- 3 |  4- 6 |  7- 9 | 10-12 || total
---------------------------+-------+-------+-------+-------++-------
  Melee: Unarmed           |     3 |       |       |       ||     3
         Kick              |     4 |     5 |     5 |     5 ||    19
         Short sword       |    12 |    27 |       |       ||    39
         Peck              |     1 |     6 |     5 |     6 ||    18
         Spear             |       |     4 |       |       ||     4
         Club              |       |       |    11 |       ||    11
         Long sword        |       |       |    11 |    24 ||    35
  Throw: Stone             |       |     2 |     1 |       ||     3
   Cast: Foxfire           |    40 |    54 |   155 |   122 ||   371
         Scorch            |       |    20 |    58 |    88 ||   166
         Inner Flame       |       |       |     4 |    13 ||    17
         Poisonous Vapours |       |       |     1 |       ||     1
         Volatile Blastmot |       |       |       |     6 ||     6
         Mephitic Cloud    |       |       |       |     1 ||     1
    Use: Scroll            |       |     4 |     5 |    11 ||    20
 Armour: Robe              |     4 |     6 |     6 |     7 ||    23
  Dodge: Dodged            |    13 |    28 |    67 |    46 ||   154
  Block: Other             |       |       |       |     4 ||     4
